 Dungeon Crawl Stone Soup version 0.21.1-68-g103a7afc0a (webtiles) character file.

961953 Lavandula the Sorcerer (level 27, -14/230 HPs)
             Began as a Barachi Earth Elementalist on Aug 1, 2018.
             Was the Champion of Makhleb.
             Killed from afar by Cerebov (71 damage)
             ... with a great blast of fire
             ... in Pandemonium on Aug 3, 2018.
             The game lasted 06:10:47 (38205 turns).

Lavandula the Sorcerer (BaEE)                      Turns: 38205, Time: 06:10:47

Health: -14/230    AC: 25    Str: 14      XL:     27
Magic:  0/55       EV: 17    Int: 31      God:    Makhleb [******]
Gold:   3912       SH:  0    Dex: 11 (13) Spells: 1/74 levels left

rFire    . . .     SeeInvis +   W - +8 frozen axe "Frostbite" {freezing cloud, *Noise +Fly rC+}
rCold    + + +     Gourm    .   (shield currently unavailable)
rNeg     + + +     Faith    .   e - +4 moon troll leather armour {Spirit, Regen++ MP+5}
rPois    ∞         Spirit   +   z - +3 hat of Pondering {ponderous, MR+ MP+10 Int+5}
rElec    .         Reflect  .   O - scarf {rC+ rF+}
rCorr    .         Harm     .   q - +2 pair of gloves "Nautzo" {rC+}
MR       ++++.     Clarity  +   b - +2 pair of boots of the Assassin {Detection Stab+ Stlth++}
Stlth    +++++++...             D - amulet of regeneration
HPRegen  1.68/turn              S - ring "Duemam" {rN+ Int+4 SInv}
MPRegen  0.34/turn              G - ring of wizardry

@: about to teleport, lich-form, fire vulnerable, can't hop, very slightly
contaminated, deflect missiles, very slow
A: +LOS, swims, molten scales 1, rugged brown scales 1, clarity, deformed body,
dopey 1, low mp 2, slowness 1, wild magic 1, strong legs 2
}: 11/15 runes: decaying, serpentine, slimy, silver, obsidian, icy, bone,
abyssal, demonic, glowing, fiery
a: Hop, End Transformation, Minor Destruction, Lesser Servant of Makhleb, Major
Destruction, Greater Servant of Makhleb, Renounce Religion, Evoke Flight


You were in Pandemonium.
You worshipped Makhleb.
Makhleb was exalted by your worship.
You were not hungry.
You were a lich.
You visited 16 branches of the dungeon, and saw 79 of its levels.
You visited Pandemonium 1 time, and saw 7 of its levels.
You visited the Abyss 2 times.
You visited 1 bazaar.
You visited 1 ziggurat, and saw 16 of its levels.
You also visited: Trove, Ice Cave, Volcano and Wizlab.

You collected 6870 gold pieces.
You spent 2958 gold pieces at shops.

Inventory:

Hand Weapons
 w - the +11 lance "Wyrmbane" {slay drac, rPois rF+ rC+ AC+3}
   (You found it on level 4 of the Lair of Beasts)

   It affects your AC (+3).
   It protects you from fire.
   It protects you from cold.
   It protects you from poison.
 L - the +3 Elemental Staff {rElec rF++ rC++ MR++ AC+5}
   (You found it on level 1 of the Snake Pit)

   It affects your AC (+5).
   It greatly protects you from fire.
   It greatly protects you from cold.
   It insulates you from electricity.
   It affects your resistance to hostile enchantments.
 U - the +7 sceptre of Torment
   (You found it on level 2 of a ziggurat)
 W - the +8 frozen axe "Frostbite" (weapon) {freezing cloud, *Noise +Fly rC+}
   (You found it in an ice cave)

   It has been specially enchanted to freeze those struck by it, causing extra
   injury to most foes and up to half again as much damage against particularly
   susceptible opponents.
   It can also slow down cold-blooded creatures.
   It protects you from cold.
   It lets you fly.
   It may make noises in combat.
Missiles
 g - 2 throwing nets (quivered)
Armour
 b - the +2 pair of boots of the Assassin (worn) {Detection Stab+ Stlth++}
   (You found it in a treasure trove)

   It makes you much more stealthy.
 e - the +4 moon troll leather armour (worn) {Spirit, Regen++ MP+5}
   (You took it off a moon troll in a wizard's laboratory)

   It affects your magic capacity (+5).
   It increases your rate of regeneration.
 q - the +2 pair of gloves "Nautzo" (worn) {rC+}
   (You found it in a treasure trove)

   It protects you from cold.
 t - a +2 helmet of see invisible
 z - the +3 hat of Pondering (worn) {ponderous, MR+ MP+10 Int+5}
   (You found it on level 13 of a ziggurat)

   It affects your intelligence (+5).
   It affects your resistance to hostile enchantments.
   It affects your magic capacity (+10).
 O - a scarf of resistance (worn)
 T - the +3 hat of Elyvilon's Regard {rF- MR+ SInv}
   (You acquired it on level 4 of the Swamp)

   It makes you vulnerable to fire.
   It affects your resistance to hostile enchantments.
   It lets you see invisible.
 X - the +6 chain mail of Grace {*Drain rC+ MR++ Str+4}
   (You found it on level 12 of a ziggurat)

   It affects your strength (+4).
   It protects you from cold.
   It affects your resistance to hostile enchantments.
   It causes draining when unequipped.
Magical Staves
 m - an uncursed staff of energy
Jewellery
 j - an uncursed ring of resist corrosion
 v - the ring "Pukusoq" {rElec rPois rN+ Str-2 Dex+4}
   (You found it on level 5 of the Pits of Slime)

   [ring of poison resistance]

   It affects your strength (-2).
   It affects your dexterity (+4).
   It insulates you from electricity.
   It protects you from poison.
   It protects you from negative energy.
 y - an uncursed ring of protection from fire
 D - an amulet of regeneration (around neck)
 E - the ring of Reliym {*Corrode Int+2 Slay+3 SInv}
   (You found it on level 11 of a ziggurat)

   [ring of see invisible]

   It affects your intelligence (+2).
   It affects your accuracy and damage with ranged weapons and melee attacks
   (+3).
   It lets you see invisible.
   It may corrode you when you take damage.
 G - a ring of wizardry (right hand)
 R - the ring "Voxzin" {rC- rN++ Slay+6 Stlth-}
   (You took it off a balrug on level 7 of Gehenna)

   [ring of loudness]

   It affects your accuracy and damage with ranged weapons and melee attacks
   (+6).
   It makes you vulnerable to cold.
   It greatly protects you from negative energy.
   It makes you less stealthy.
 S - the ring "Duemam" (left hand) {rN+ Int+4 SInv}
   (You found it on level 10 of a ziggurat)

   [ring of positive energy]

   It affects your intelligence (+4).
   It protects you from negative energy.
   It lets you see invisible.
 Y - an uncursed ring of protection from cold
Wands
 x - a wand of flame (23)
 J - a wand of paralysis (33)
 N - a wand of iceblast (35)
 Q - a wand of digging (14)
Scrolls
 a - a scroll of teleportation
 l - 12 scrolls of fog
 u - a scroll of fear
 C - a scroll of holy word
 F - 4 scrolls of blinking
 I - 22 scrolls of remove curse
 V - 2 scrolls of immolation
 Z - a scroll of magic mapping
Potions
 c - 3 potions of magic
 f - 2 potions of resistance
 h - 11 potions of curing
 k - 3 potions of invisibility
 p - 8 potions of mutation
 r - 5 potions of agility
 A - 12 potions of haste
 H - a potion of heal wounds
 K - 3 potions of cancellation
 P - 3 potions of ambrosia
Books
 M - a book of Battle

   Spells                             Type                      Level
   a - Infusion                       Charms                       1
   b - Shroud of Golubria             Charms/Translocation         2
   c - Song of Slaying                Charms                       2
   d - Spectral Weapon                Hexes/Charms                 3
   e - Regeneration                   Charms/Necromancy            3
Miscellaneous
 i - a phial of floods
 n - 5 boxes of beasts
 o - a lightning rod (4/4)
 s - 3 phantom mirrors
 B - a lamp of fire (inert)
Comestibles
 d - 17 rations


   Skills:
 - Level 20.0 Fighting
 - Level 19.5(20.1) Axes
 - Level 8.0(14.2) Polearms
 - Level 5.4 Armour
 - Level 11.8 Dodging
 - Level 13.8 Stealth
   Level 1.6 Shields
 - Level 24.0 Spellcasting
 - Level 10.4 Conjurations
 - Level 18.3 Necromancy
 - Level 5.5 Translocations
 - Level 15.3 Transmutations
   Level 3.9 Fire Magic
 - Level 4.2 Ice Magic
 - Level 21.0 Air Magic
 + Level 13.0 Earth Magic
   Level 3.4 Poison Magic
 - Level 13.6 Invocations
 - Level 13.1 Evocations


You had one spell level left.
You knew the following spells:

 Your Spells              Type           Power        Failure   Level  Hunger
a - Freezing Cloud        Conj/Ice/Air   #######...   1%          6    N/A
b - Stone Arrow           Conj/Erth      ######       1%          3    N/A
c - Lee's Rapid Deconstr  Erth           ########..   1%          5    N/A
d - Shroud of Golubria    Chrm/Tloc      ######....   1%          2    N/A
e - Necromutation         Tmut/Necr      ########..   4%          8    N/A
f - Blink                 Tloc           N/A          1%          2    N/A
g - Apportation           Tloc           ######       1%          1    N/A
h - Statue Form           Tmut/Erth      ########.    1%          6    N/A
i - Summon Lightning Spi  Summ/Air       #######.     1%          4    N/A
j - Irradiate             Conj/Tmut      ########..   1%          5    N/A
k - Passage of Golubria   Tloc           N/A          1%          4    N/A
l - Deflect Missiles      Chrm/Air       #######...   1%          6    N/A
m - Regeneration          Chrm/Necr      ########..   1%          3    N/A
n - Tornado               Air            ########..   9%          9    N/A
o - Summon Butterflies    Summ           #####...     1%          1    N/A
p - Infestation           Necr           ########..   2%          8    N/A

Dungeon Overview and Level Annotations

Branches:
Dungeon (15/15)            Temple (1/1) D:5            Lair (6/6) D:9
  Swamp (4/4) Lair:4        Snake (4/4) Lair:4        Slime (5/5) Lair:6
    Orc (2/2) D:12            Elf (0/3) Orc:2        Vaults (5/5) D:13
  Crypt (3/3) Vaults:2       Tomb (1/3) Crypt:3      Depths (4/5) D:15
   Hell (1/1)                 Dis (7/7) Hell            Geh (7/7) Hell
    Coc (7/7) Hell            Tar (7/7) Hell

Altars:
Ashenzari
Cheibriados
Elyvilon
Fedhas
Gozag
Hepliaklqana
Kikubaaqudgha
Makhleb
Nemelex Xobeh
Okawaru
Qazlal
Ru
Sif Muna
Trog
Uskayaw
Vehumet
Wu Jian
Yredelemnul
Zin
The Shining One
Jiyva

Shops:
D:8 [   D:12 *   Orc:2 ?*!?%!   Vaults:2 =   Depths:4 [*%*

Portals:
Hell: Depths:1 Depths:4
Abyss: Depths:4
Pandemonium: Depths:4

Annotations:
D:3 Pieper's ghost, amateur GrFi
D:4 Edmund
Geh:7 Asmodeus
Coc:7 exclusion: ice statue
Pan Cerebov


Innate Abilities, Weirdness & Mutations

Shadows flee at your approach. (+LOS)
You can swim through water.
You cover ground slowly.
You can hop long distances.
You are partially covered in molten scales. (AC +2)
You are partially covered in rugged brown scales. (AC +1, +3% HP)
You possess an exceptional clarity of mind.
Armour fits poorly on your strangely shaped body.
You are dopey. (Int -2)
Your magical capacity is very low. (-20% MP)
Your spells are a little harder to cast, but a little more powerful.


Message History

Cerebov seems to slow down.
You can't drink.
Unknown command.
Okay, then.
Evoke which item? (* to show all) (? for menu, Esc to quit)
Okay, then.
Unknown command.
Your death scarab closely misses the cacodemon.
Your death scarab bites Cerebov but does no damage.
Your death scarab bites the ynoxinul.
The ufetubus misses you.
The ufetubus barely misses you. x3; The sun demon hits you.
* * * LOW HITPOINT WARNING * * *
You are engulfed in flames!
* * * LOW HITPOINT WARNING * * *
Your death scarab bites the ufetubus!!
The ufetubus dies!
The ynoxinul completely misses your death scarab.
Cerebov gestures at you.
A raging storm of fire appears!
The great blast of fire engulfs you!
You die...

#.#.# .........#
#..# ####
####.##..
#.########....
......
#...§........
....5..
#...#'####'# #
...###.
#.)#.)s.4..##.##
... #.
.....'.3s.&§#.'..
..
####).#.&#'3#..#
.. #..#s.'52L..#
#..#..'∩.5..#
#..#..#''#..#
#..'...?....'.
##.##......##.#
#..#'####'# .#
#.... .. # ######
##


You could see Cerebov (inner flame), Lyaggeg, a cacodemon, a sun demon, a
ynoxinul, a chaos spawn, 2 ufetubi and 3 friendly death scarabs.

Vanquished Creatures
  Antaeus (Coc:7)
  the Royal Jelly (Slime:5)
  Mnoleg (Pan)
  the Serpent of Hell (Coc:7)
  3 pandemonium lords
  2 juggernauts (Depths:4)
  A greater mummy (Zig:12)
  Xtahua (Crypt:3)
  8 shard shrikes (Coc:7)
  Vashnia (Snake:2)
  2 caustic shrikes
  A curse toe (Crypt:3)
  Geryon (Hell)
  7 Killer Klowns
  3 golden dragons
  11 Brimstone Fiends
  8 bone dragons
  2 doom hounds
  9 Tzitzimimeh
  2 hellephants (Abyss:3)
  3 tentacled monstrosities
  5 liches
  5 Hell Sentinels
  11 Ice Fiends (Coc:7)
  4 titans
  A quicksilver dragon (shapeshifter) (Zig:11)
  A quicksilver dragon (Vaults:5)
  4 sphinxes
  10 ancient champions
  7 tengu reavers
  7 tentacled starspawn
  19 acid blobs
  A thorn hunter (Zig:10)
  13 azure jellies
  13 shadow dragons
  A draconian monk (Zig:8)
  4 storm dragons (Vaults:5)
  A fire giant (shapeshifter) (Vaults:5)
  An azure jelly (shapeshifter) (Vaults:5)
  9 nagarajas (Snake:4)
  2 revenants
  A deep elf sorcerer (Vaults:4)
  12 frost giants
  9 cacodemons
  3 draconian scorchers (Zig:8)
  8 fire giants
  A juggernaut zombie (Crypt:3)
  A black sun (Pan)
  The ghost of Jorund the Eclecticist, an adept OpWz of Vehumet (D:14)
  3 corrupters (Pan)
  11 vault wardens
  2 curse skulls (Crypt:1)
  4 iron dragons
  2 draconian shifters (Abyss:3)
  A ghost moth (Zig:14)
  6 ghouls
  20 balrugs
  2 elemental wellsprings (Coc:7)
  23 reapers
  2 draconian annihilators (Zig:8)
  9 war gargoyles
  27 stone giants
  2 juggernaut skeletons
  The ghost of motoroller71 the Nimble, a journeyman GnGl of Makhleb (D:15)
  12 ironheart preservers
  35 very ugly things
  5 vampire knights
  An entropy weaver (Vaults:5)
  11 dire elephants
  A blood saint (Pan)
  A deep elf annihilator (Vaults:5)
  2 deep elf demonologists
  A white draconian (Zig:8)
  A black draconian (Zig:8)
  2 lorocyprocas
  A spark wasp (shapeshifter) (Vaults:5)
  A dire elephant (shapeshifter) (Zig:11)
  Azrael (D:12)
  A red draconian (Zig:8)
  A merfolk javelineer (Zig:15)
  An eidolon (Crypt:1)
  10 ettins
  3 mummy priests (Zig:12)
  3 green deaths
  2 deep elf death magi (Vaults:5)
  24 blizzard demons
  An ettin (shapeshifter) (Depths:4)
  6 yaktaur captains
  7 jiangshi
  5 death oozes
  A kraken zombie (Coc:6)
  3 merfolk impalers (Zig:15)
  3 quicksilver dragon zombies
  2 deep elf high priests (Vaults:5)
  13 great orbs of eyes
  4 fire dragons
  36 vault guards
  4 quicksilver dragon skeletons
  24 hydras
  18 naga warriors
  3 rakshasas
  2 monstrous demonspawn (Pan)
  2 spriggan air magi (Depths:3)
  20 ice dragons
  3 catoblepae (Lair:6)
  2 juggernaut simulacra
  46 two-headed ogres
  6 centaur warriors
  3 merfolk avatars (Zig:15)
  10 anacondas
  4 death knights
  A satyr (Zig:15)
  A dancing weapon (Vaults:5)
  7 deep troll shamans
  9 alligators
  4 death scarabs
  2 alligators (shapeshifter)
  A merfolk aquamancer (Zig:15)
  8 tengu warriors
  5 deep troll earth magi
  14 hell hogs
  3 spriggan berserkers
  7 vampire magi
  6 titan zombies
  11 ogre magi
  The ghost of Anaz the Basher, a novice HuSk of Okawaru (D:14)
  3 orc high priests (Orc:2)
  16 death yaks
  2 iron golems
  11 naga sharpshooters
  5 deep elf knights (Vaults:2)
  31 sun demons
  8 shock serpents
  9 soul eaters
  A fire crab (Lair:6)
  4 storm dragon zombies
  2 salamander mystics (Snake:4)
  64 skeletal warriors
  8 anaconda zombies
  15 shadow wraiths
  5 wretched stars
  10 sea snakes
  A spark wasp zombie (Crypt:3)
  17 hell knights
  3 iron trolls
  5 sixfirhies (Pan)
  3 spatial maelstroms
  4 titan skeletons
  3 storm dragon skeletons
  26 deep trolls
  8 flayed ghosts
  12 glowing orange brains
  5 spriggan druids
  2 naga ritualists
  An orange crystal statue (WizLab)
  An obsidian statue (Zig:1)
  A sea snake (shapeshifter) (Zig:16)
  14 swamp dragons
  7 shadow demons
  3 golden dragon zombies
  2 death drakes (Zig:13)
  A gelid demonspawn (Pan)
  A shadow dragon zombie (Crypt:3)
  2 unseen horrors
  3 deep elf archers
  10 phantasmal warriors
  A golden dragon skeleton (Tar:6)
  10 wizards
  5 shambling mangroves
  11 ironbrand convokers
  An anaconda skeleton (Coc:2)
  19 harpies
  A sphinx zombie (Zig:12)
  A mana viper (shapeshifter) (Depths:2)
  10 deep elf magi
  2 kraken simulacra (Coc:7)
  8 wolf spiders
  7 necromancers
  5 frost giant zombies
  8 manticores
  6 mana vipers
  10 orc knights
  2 fire giant zombies
  3 fauns (Zig:15)
  5 iron dragon zombies
  A shining eye (Zig:5)
  6 orc sorcerers
  14 salamanders
  2 stone giant zombies
  2 worldbinders (Abyss:3)
  3 elephants
  An elephant (shapeshifter) (Vaults:1)
  2 frost giant skeletons
  3 stone giant skeletons
  2 manticores (shapeshifter)
  2 shadow dragon skeletons (Coc:7)
  27 ugly things
  3 cyclopes
  7 vault sentinels
  A moth of wrath (Zig:14)
  A shock serpent zombie (Tar:1)
  4 dire elephant zombies
  2 centaur zombies
  23 black mambas
  8 rust devils
  6 water nymphs (Zig:15)
  An iron dragon skeleton (Geh:7)
  9 eyes of devastation
  13 naga magi
  8 titan simulacra (Coc:7)
  2 centaur skeletons (D:15)
  7 ice statues
  7 smoke demons
  3 fire giant skeletons
  A torpor snail (shapeshifter) (Zig:9)
  6 orange demons (Pan)
  5 molten gargoyles
  Maurice (D:8)
  7 guardian serpents
  15 spiny frogs
  3 catoblepas zombies
  2 apocalypse crabs
  3 storm dragon simulacra (Coc:7)
  A shock serpent skeleton (Crypt:1)
  6 efreet (Pan)
  3 rime drakes
  4 komodo dragons
  22 freezing wraiths
  33 yaktaurs
  18 hellions
  16 tormentors
  30 ice devils
  4 demonic crawlers
  A harpy zombie (Coc:6)
  A silent spectre (Tar:7)
  9 anaconda simulacra
  4 guardian mummies
  A purple draconian skeleton (Tar:7)
  A tengu conjurer (Depths:3)
  5 trolls
  A queen ant zombie (Crypt:1)
  12 red devils
  3 hydra zombies
  A queen bee (shapeshifter) (Zig:11)
  A jumping spider (shapeshifter) (Zig:7)
  A shadow dragon simulacrum (Coc:6)
  An ancient zyme (Abyss:3)
  16 polar bears
  A snapping turtle (shapeshifter) (Zig:16)
  Grinder (D:5)
  22 blink frogs
  2 wind drakes (Zig:15)
  23 hornets
  7 tyrant leeches
  13 merfolk (Zig:15)
  2 hydra skeletons
  7 hippogriffs
  A sphinx simulacrum (Vaults:1)
  3 alligator zombies
  A spriggan zombie (Zig:4)
  A dream sheep (shapeshifter) (Zig:16)
  A dream sheep (Lair:4)
  2 raiju (Abyss:3)
  16 bog bodies
  2 fire dragon zombies
  4 ettin zombies
  6 snapping turtles (Zig:15)
  5 ettin skeletons
  136 slime creatures
  A fire giant simulacrum (Crypt:3)
  3 ice dragon zombies
  38 flying skulls
  A black mamba zombie (Crypt:2)
  A redback (shapeshifter) (Zig:16)
  8 starcursed masses (Abyss:3)
  2 fire dragon skeletons
  8 spriggans
  2 alligator skeletons
  10 water elementals
  3 redbacks
  2 ushabtiu (Zig:12)
  16 shadows
  An ice dragon skeleton (Coc:7)
  A spriggan (shapeshifter) (Vaults:1)
  3 air elementals (Depths:3)
  70 yaks
  A human (D:8)
  8 wraiths
  6 vampires (Crypt:3)
  A black mamba skeleton (Crypt:3)
  4 golden eyes (WizLab)
  A human (shapeshifter) (Vaults:4)
  8 neqoxecs
  11 ynoxinuls
  15 fire elementals
  Eustachio (D:4)
  8 chaos spawn
  A steam dragon (shapeshifter) (Depths:3)
  2 hogs (D:8)
  2 fire bats (Geh:2)
  6 hungry ghosts
  A soldier ant (shapeshifter) (Vaults:1)
  3 spatial vortices (Abyss:3)
  12 insubstantial wisps
  A merfolk zombie (Coc:7)
  A harpy simulacrum (Coc:7)
  6 vampire mosquitoes
  Menkaure (D:4)
  16 swamp worms
  7 water moccasins
  34 hell hounds
  9 hydra simulacra
  2 acid dragons
  38 nagas
  A human skeleton (Zig:12)
  2 floating eyes
  4 porcupines (Lair:5)
  9 spiny frog zombies
  A swamp drake (shapeshifter) (Vaults:5)
  15 swamp drakes
  6 large abominations
  28 orc warriors
  2 spiny frog skeletons
  A sky beast (D:5)
  A torturous demonspawn skeleton (Hell)
  An alligator simulacrum (Coc:7)
  6 ice beasts
  A manticore zombie (Coc:7)
  5 eyes of draining
  3 black bears
  A blink frog zombie (Crypt:3)
  6 boggarts
  24 ogres
  5 phantoms
  10 necrophages
  12 wolves (IceCv)
  A tengu (shapeshifter) (Vaults:5)
  A manticore skeleton (Crypt:2)
  A swamp dragon skeleton (Coc:4)
  13 centaurs
  A rime drake zombie (Crypt:3)
  8 crocodiles
  2 snapping turtle skeletons
  An octopode zombie (Crypt:1)
  A salamander zombie (Crypt:3)
  4 big kobolds
  2 elf zombies
  12 bullfrogs
  A bullfrog (shapeshifter) (Vaults:5)
  A wyvern zombie (D:9)
  2 gnoll sergeants
  A water moccasin zombie (D:8)
  A draconian skeleton (Crypt:3)
  An earth elemental (Abyss:3)
  5 scorpions
  A wyvern skeleton (D:10)
  18 killer bees
  28 wights
  11 crimson imps
  8 howler monkeys
  2 hounds
  4 human zombies
  7 small abominations
  21 orc priests
  2 bullfrog skeletons
  A jelly (D:8)
  8 iron imps
  4 iguanas
  31 orc wizards
  A lightning spire (Zig:16)
  4 hell rats (Lair:6)
  9 worker ants
  A troll simulacrum (Crypt:3)
  A naga zombie (Hell)
  A big kobold zombie (Crypt:2)
  A demigod zombie (Crypt:1)
  A tengu skeleton (Coc:7)
  A hound zombie (Crypt:3)
  A human simulacrum (Hell)
  A hound skeleton (D:6)
  30 mummies
  16 gnolls
  3 worker ant zombies
  9 adders
  8 shadow imps
  3 white imps
  6 ufetubi
  2 adder zombies
  A worm (shapeshifter) (Depths:4)
  2 adder skeletons (D:7)
  A worm (D:3)
  A dart slug (D:2)
  5 leopard geckos
  89 orcs
  A ball python (D:8)
  3 bats
  A bat zombie (Crypt:3)
  5 giant cockroaches
  6 goblins
  4 hobgoblins
  5 jackals
  6 quokkas
  A ball python skeleton (D:4)
  3 frilled lizards
  15 kobolds
  A quokka skeleton (Crypt:1)
  A quokka zombie (D:5)
  2 rats
  A rat skeleton (Crypt:1)
  39 briar patches (Zig:10)
  A butterfly (Lair:6)
  3 crawling corpses (Vaults:5)
  2 demonic plants (WizLab)
  2 fungi
  3 plants
  8 starspawn tentacles
  3 tentacles (Coc:6)
2914 creatures vanquished.

Vanquished Creatures (collateral kills)
  Ereshkigal (Tar:7)
  2 ancient liches (Tar:7)
  2 bone dragons (Tar:7)
  6 Tzitzimimeh
  A doom hound (Tar:7)
  2 Brimstone Fiends
  2 liches
  An iron giant (Dis:1)
  A Hell Sentinel (Geh:7)
  A moon troll (WizLab)
  An ancient champion (Dis:3)
  2 acid blobs (Slime:5)
  Donald (Orc:2)
  4 shadow dragons (Tar:7)
  A fire giant (Geh:7)
  An iron dragon (Dis:1)
  Louise (Swamp:1)
  A corrupter (Pan)
  5 balrugs
  2 cacodemons (Pan)
  2 warmongers (Pan)
  17 reapers
  2 war gargoyles (Dis:7)
  A blood saint (Pan)
  4 blizzard demons
  A green death (Pan)
  3 quicksilver dragon zombies
  A death ooze (Slime:5)
  2 monstrous demonspawn (Pan)
  A hell beast (Dis:7)
  An alligator (Swamp:1)
  A juggernaut simulacrum (Pan)
  5 hell hogs
  Urug (D:12)
  A dancing weapon (Dis:1)
  3 soul eaters (Tar:7)
  4 naga sharpshooters
  6 hell knights
  9 sun demons
  A titan skeleton (Tar:1)
  2 iron golems
  3 sixfirhies (Pan)
  27 skeletal warriors
  A shadow wraith (Tar:7)
  3 torturous demonspawn (Pan)
  3 flayed ghosts
  A salamander mystic (Volcano)
  2 anaconda zombies
  9 shadow demons
  2 golden dragon zombies
  A golden dragon skeleton (Geh:7)
  An infernal demonspawn (Pan)
  A phantasmal warrior (Geh:7)
  3 anaconda skeletons
  An orc knight (Orc:2)
  A wolf spider (Zig:14)
  A frost giant zombie (Dis:4)
  2 shadow dragon skeletons
  3 fire giant zombies
  3 shining eyes
  2 iron dragon zombies
  6 oklob plants (Zig:15)
  3 orc sorcerers (Orc:2)
  2 salamanders
  A moth of wrath (Zig:14)
  An ice statue (Pan)
  An iron dragon skeleton (Tar:1)
  7 rust devils
  A frost giant skeleton (Geh:7)
  2 dire elephant skeletons
  2 dire elephant zombies
  3 orange demons (Pan)
  A shock serpent skeleton (Geh:7)
  6 smoke demons
  6 molten gargoyles
  6 hellions
  A demonic crawler (Pan)
  11 tormentors
  3 efreet
  5 ice devils
  A hellwing (Pan)
  17 red devils
  A freezing wraith (Dis:4)
  2 hydra skeletons (Geh:7)
  A jumping spider (Zig:14)
  A fire dragon zombie (Geh:7)
  2 slime creatures (Swamp:4)
  An ettin zombie (Tar:7)
  A harpy skeleton (Geh:7)
  An ettin skeleton (Geh:4)
  2 fire dragon skeletons (Geh:7)
  An ice dragon zombie (Dis:4)
  22 flying skulls
  2 ice dragon skeletons
  A black mamba zombie (Tar:7)
  7 shadows
  5 wraiths
  A yak (IceCv)
  5 fire elementals
  A fire bat (Geh:2)
  3 ynoxinuls (Pan)
  3 neqoxecs (Pan)
  A hungry ghost (Tar:7)
  A chaos spawn (Pan)
  A merfolk zombie (Tar:1)
  A naga (Snake:4)
  A swamp worm (Swamp:4)
  An insubstantial wisp (Swamp:1)
  19 hell hounds
  A spiny frog zombie (Dis:4)
  A manticore zombie (Dis:3)
  2 orc warriors (Orc:2)
  An ice beast (D:12)
  A snapping turtle zombie (Dis:1)
  A snapping turtle skeleton (Geh:7)
  10 necrophages
  An ogre (Orc:2)
  A swamp dragon skeleton (Geh:7)
  An elf zombie (Geh:2)
  28 wights
  A bullfrog zombie (D:12)
  5 crimson imps
  4 iron imps
  A human skeleton (Geh:7)
  2 orc wizards (Orc:2)
  An ogre skeleton (Tar:1)
  A mummy (Dis:3)
  3 shadow imps (Tar:1)
  An orc (D:12)
  2 fire vortices (Geh:7)
  2 plants (Zig:15)
421 creatures vanquished.

Vanquished Creatures (others)
  3 eldritch tentacles
  A tengu reaver (Depths:3)
  A fire giant (Vaults:5)
  An elemental wellspring (Coc:5)
  A very ugly thing (Vaults:5)
  A two-headed ogre (Depths:3)
  A hell knight (Hell)
  An anaconda zombie (Coc:7)
  2 shadow demons
  A tengu skeleton (Vaults:2)
  2 hellions
  A demonic crawler (Hell)
  2 yaktaurs
  A red devil (Dis:1)
  A blink frog (Swamp:4)
  2 spriggans (Swamp:4)
  A fire bat (shapeshifter) (Vaults:5)
  A neqoxec (Pan)
  A spiny frog zombie (Hell)
  A swamp drake (Swamp:4)
  An orc warrior (Zig:1)
  A manticore zombie (Coc:7)
  A boggart (Depths:1)
  2 wolves (IceCv)
  A bullfrog (D:6)
  A wight (Geh:1)
  A crimson imp (Geh:7)
  A jelly (D:6)
  An orc wizard (Vaults:3)
  A quasit (Abyss:3)
  A shadow imp (D:6)
  3 briar patches (Zig:10)
  A bush (Lair:5)
  A demonic plant (WizLab)
  16 fungi
  A lurking horror (Abyss:3)
  9 plants (Lair:6)
  11 starspawn tentacles
  5 tentacles
  16 withered plants (Crypt:2)
101 creatures vanquished.

Grand Total: 3436 creatures vanquished

Notes
Turn   | Place    | Note
-------+----------+-------------------------------------------
     0 | D:1      | Lavandula the Barachi Earth Elementalist began the quest for the Orb.
     0 | D:1      | Reached XP level 1. HP: 13/13 MP: 3/3
    87 | D:2      | Noticed an ice beast
   229 | D:1      | Reached XP level 2. HP: 19/19 MP: 3/5
   247 | D:1      | Reached skill level 3 in Spellcasting
   310 | D:2      | Found a glowing golden altar of the Shining One.
   368 | D:3      | Reached XP level 3. HP: 21/24 MP: 4/8
   479 | D:3      | Learned a level 3 spell: Stone Arrow
   571 | D:3      | Reached skill level 4 in Spellcasting
   592 | D:3      | Noticed Pieper's ghost (amateur GrFi)
   658 | D:3      | Found a hazy altar of Hepliaklqana.
   739 | D:4      | Got a bloodstained ring mail
   750 | D:4      | Identified the +5 ring mail "Tiyfy" {rElec rC+ MP+9 Int-3} (You found it on level 4 of the Dungeon)
   763 | D:5      | Entered Level 5 of the Dungeon
   771 | D:5      | Noticed Grinder
   771 | D:5      | Paralysed by Grinder for 2 turns
   794 | D:4      | Reached XP level 4. HP: 29/30 MP: 5/10
   855 | D:5      | Reached XP level 5. HP: 24/35 MP: 3/11
  1151 | D:4      | Reached skill level 5 in Earth Magic
  1177 | D:4      | Noticed Menkaure
  1184 | D:4      | Killed Menkaure
  1184 | D:4      | Reached XP level 6. HP: 9/41 MP: 4/12
  1235 | D:4      | Noticed Edmund
  1509 | D:5      | Killed Grinder
  1509 | D:5      | Reached XP level 7. HP: 6/46 MP: 0/13
  1522 | D:5      | Noticed Eustachio
  1712 | D:4      | Killed Eustachio
  1892 | D:5      | Found a sparkling altar of Nemelex Xobeh.
  1923 | D:5      | Found a staircase to the Ecumenical Temple.
  1933 | Temple   | Entered the Ecumenical Temple
  2192 | Temple   | Became a worshipper of Makhleb the Destroyer
  2210 | D:5      | Reached XP level 8. HP: 58/58 MP: 10/14
  2432 | D:6      | Found an ancient bone altar of Kikubaaqudgha.
  2471 | D:6      | Reached skill level 5 in Dodging
  2601 | D:6      | Reached skill level 1 in Polearms
  2756 | D:6      | Found a snail-covered altar of Cheibriados.
  3006 | D:7      | Learned a level 5 spell: Lee's Rapid Deconstruction
  3011 | D:7      | Learned a level 4 spell: Petrify
  3255 | D:7      | Reached XP level 9. HP: 58/64 MP: 6/15
  3259 | D:7      | Reached skill level 5 in Polearms
  3363 | D:7      | Reached skill level 1 in Armour
  3400 | D:7      | Found a basalt altar of Yredelemnul.
  3416 | D:7      | Reached * piety under Makhleb
  3462 | D:8      | Noticed Maurice
  3604 | D:7      | Reached skill level 5 in Armour
  4328 | D:7      | Reached ** piety under Makhleb
  4396 | D:8      | Reached XP level 10. HP: 47/70 MP: 4/16
  4547 | D:8      | Killed Maurice
  4617 | D:8      | Found Sunedgh's Armour Boutique.
  4731 | D:8      | Noticed a two-headed ogre
  4746 | D:8      | Killed a two-headed ogre
  5310 | D:9      | Reached *** piety under Makhleb
  5488 | D:9      | Reached XP level 11. HP: 86/86 MP: 16/17
  5570 | D:9      | Found a bloodstained altar of Trog.
  5833 | D:9      | Found a staircase to the Lair.
  5958 | D:10     | Entered Level 10 of the Dungeon
  5958 | D:10     | Found a portal to a secret trove of treasure.
  5958 | D:10     | Noticed a two-headed ogre
  5958 | D:10     | Noticed a two-headed ogre
  5980 | D:9      | Killed a two-headed ogre
  5980 | D:9      | Reached skill level 5 in Spellcasting
  6018 | D:9      | Killed a two-headed ogre
  6409 | D:10     | Reached skill level 1 in Evocations
  6442 | D:10     | Reached **** piety under Makhleb
  6478 | D:10     | Noticed a two-headed ogre
  6486 | D:10     | Killed a two-headed ogre
  6754 | D:11     | Identified a scroll of acquirement
  6929 | D:11     | Found a frozen archway.
  6934 | IceCv    | Entered an ice cave
  6939 | IceCv    | Learned a level 3 spell: Conjure Flame
  6953 | IceCv    | Reached skill level 1 in Fire Magic
  7002 | IceCv    | Got a brightly glowing war axe
  7004 | IceCv    | Identified the +3 war axe of Bigrely {flame, rElec} (You found it in an ice cave)
  7184 | IceCv    | Reached skill level 1 in Conjurations
  7207 | IceCv    | Reached XP level 12. HP: 94/94 MP: 13/20
  7226 | IceCv    | Gained mutation: Your body sometimes deteriorates upon taking damage. [potion of mutation]
  7226 | IceCv    | Gained mutation: Your flesh is heat resistant. (rF+) [potion of mutation]
  7231 | IceCv    | Got a smoking silver ring
  7232 | IceCv    | Identified the ring of Amorality {*Drain Int+3 Dex+6 Stlth-} (You found it in an ice cave)
  7388 | IceCv    | Learned a level 2 spell: Blink
  7392 | IceCv    | Learned a level 3 spell: Mephitic Cloud
  7410 | IceCv    | Noticed a death yak
  7411 | IceCv    | Noticed a death yak
  7418 | IceCv    | Killed a death yak
  7426 | IceCv    | Killed a death yak
  7533 | IceCv    | Reached skill level 1 in Poison Magic
  7624 | IceCv    | Noticed a frost giant
  7639 | IceCv    | Killed a frost giant
  7639 | IceCv    | Reached skill level 10 in Fighting
  7678 | IceCv    | Found the +8 frozen axe "Frostbite" {freezing cloud, *Noise +Fly rC+}
  7774 | D:12     | Noticed a two-headed ogre
  7787 | D:12     | Reached skill level 1 in Axes
  7790 | D:12     | Noticed Urug
  7884 | D:11     | Killed a two-headed ogre
  7930 | D:12     | Reached ***** piety under Makhleb
  7978 | D:12     | Found a staircase to the Orcish Mines.
  8057 | D:12     | Reached skill level 5 in Axes
  8112 | Orc:1    | Entered Level 1 of the Orcish Mines
  8300 | Orc:2    | Entered Level 2 of the Orcish Mines
  8301 | Orc:2    | Paralysed by an orc sorcerer for 5 turns
  8318 | Orc:2    | Gained mutation: You can hop long distances. [Barachi growth]
  8318 | Orc:2    | Reached XP level 13. HP: 89/105 MP: 21/21
  8340 | Orc:2    | Noticed Donald
  8369 | Orc:2    | Killed Donald
  8531 | Orc:2    | Paralysed by an orc sorcerer for 3 turns
  8770 | Orc:2    | Paralysed by an orc sorcerer for 7 turns
  8841 | D:12     | Killed Urug
  8955 | D:12     | Found Egod's Elemental Accessories.
  9013 | D:12     | Got a smelly ring mail
  9024 | D:12     | Identified the +3 ring mail of the Desert {MR+ rCorr Int+7 Stlth+} (You found it on level 12 of the Dungeon)
  9072 | D:12     | Noticed Azrael
  9142 | Lair:1   | Entered Level 1 of the Lair of Beasts
  9474 | Lair:4   | Found a staircase to the Snake Pit.
  9515 | Lair:4   | Found a staircase to the Swamp.
  9654 | Lair:4   | Reached skill level 10 in Axes
  9660 | Lair:4   | Found the +8 lance "Wyrmbane" {slay drac, rPois rF+ rC+ AC+3}
 10021 | Lair:6   | Entered Level 6 of the Lair of Beasts
 10061 | Lair:6   | Noticed a blizzard demon
 10093 | Lair:5   | Reached skill level 5 in Translocations
 10124 | Lair:6   | Reached XP level 14. HP: 109/111 MP: 14/22
 10152 | Lair:6   | Found a dark tunnel.
 10159 | Volcano  | Entered a volcano
 10954 | Lair:6   | Found a viscous altar of Jiyva.
 10955 | Lair:6   | Found a staircase to the Slime Pits.
 11175 | Lair:6   | Reached ****** piety under Makhleb
 11790 | Lair:6   | Reached skill level 15 in Axes
 12792 | Orc:2    | Found Vaorusch's Food Shop.
 12808 | Orc:2    | Reached skill level 6 in Spellcasting
 12845 | Orc:2    | Found Nutexkum's Distillery.
 12853 | Orc:2    | Bought 2 potions of magic for 192 gold pieces
 12853 | Orc:2    | Bought a potion of agility for 48 gold pieces
 12853 | Orc:2    | Bought a potion of heal wounds for 60 gold pieces
 12853 | Orc:2    | Bought a potion of curing for 36 gold pieces
 12853 | Orc:2    | Bought a potion of heal wounds for 60 gold pieces
 12853 | Orc:2    | Bought 2 potions of invisibility for 192 gold pieces
 13036 | Orc:2    | Reached XP level 15. HP: 117/117 MP: 20/24
 13055 | Orc:2    | Found a staircase to the Elven Halls.
 13171 | Orc:2    | Reached skill level 7 in Spellcasting
 13235 | Orc:2    | Learned a level 6 spell: Statue Form
 13326 | Orc:2    | Reached skill level 5 in Transmutations
 13519 | Orc:2    | Found Avugiew's Magic Scroll Emporium.
 13523 | Orc:2    | Found Qatocrurr's Distillery.
 13529 | Orc:2    | Found Opixta's Magic Scroll Boutique.
 13530 | Orc:2    | Bought a potion of curing for 51 gold pieces
 13531 | Orc:2    | Found Mushe's Assorted Antiques.
 13538 | Orc:2    | Bought a scroll of blinking for 135 gold pieces
 13542 | Orc:2    | Bought a scroll of acquirement for 936 gold pieces
 13543 | Orc:2    | Got a transparent hat
 13554 | Orc:2    | Identified the +0 hat of the Spider Nest {rElec Str+4 Slay-2} (You acquired it on level 2 of the Orcish Mines)
 13575 | Orc:2    | Bought a scroll of teleportation for 39 gold pieces
 13577 | Orc:2    | Bought a potion of heal wounds for 85 gold pieces
 13577 | Orc:2    | Bought a potion of curing for 51 gold pieces
 13835 | D:12     | Killed Azrael
 14097 | Swamp:1  | Entered Level 1 of the Swamp
 14490 | Swamp:3  | Paralysed by a hornet for 3 turns
 14495 | Swamp:3  | Reached skill level 10 in Earth Magic
 14607 | Swamp:4  | Entered Level 4 of the Swamp
 15119 | Swamp:4  | Reached skill level 8 in Spellcasting
 15151 | Swamp:4  | Reached skill level 9 in Spellcasting
 15166 | Swamp:4  | Reached XP level 16. HP: 123/124 MP: 22/29
 15402 | Swamp:4  | Reached skill level 10 in Spellcasting
 15435 | Swamp:3  | Noticed a thorn hunter
 15441 | Swamp:4  | Learned a level 4 spell: Summon Lightning Spire
 15539 | Swamp:4  | Reached skill level 11 in Spellcasting
 15547 | Swamp:4  | Learned a level 5 spell: Irradiate
 15742 | Swamp:4  | Reached skill level 1 in Shields
 15838 | Swamp:4  | Got an ichor-stained hat
 15849 | Swamp:4  | Identified the +3 hat of Elyvilon's Regard {rF- MR+ SInv} (You acquired it on level 4 of the Swamp)
 15866 | Swamp:4  | Got a decaying rune of Zot
 15983 | Swamp:1  | Noticed Louise
 16004 | Swamp:1  | Killed Louise
 16192 | Snake:1  | Entered Level 1 of the Snake Pit
 16354 | Snake:2  | Noticed Vashnia
 16385 | Snake:1  | Found a hazy altar of Hepliaklqana.
 16390 | Snake:1  | Found the +3 Elemental Staff {rElec rF++ rC++ MR++ AC+5}
 16749 | Snake:2  | Killed Vashnia
 16749 | Snake:2  | Reached XP level 17. HP: 87/130 MP: 10/32
 17265 | Snake:4  | Entered Level 4 of the Snake Pit
 17375 | Snake:4  | Reached skill level 10 in Dodging
 17965 | Snake:4  | Reached XP level 18. HP: 136/136 MP: 33/33
 18073 | Snake:4  | Got a serpentine rune of Zot
 18542 | D:13     | Found a gate to the Vaults.
 18556 | D:13     | Reached skill level 12 in Spellcasting
 18583 | Vaults:1 | Entered Level 1 of the Vaults
 18665 | Vaults:1 | Reached skill level 5 in Conjurations
 18695 | Vaults:1 | Reached skill level 5 in Air Magic
 18728 | Vaults:1 | Learned a level 6 spell: Freezing Cloud
 18778 | Vaults:1 | Reached skill level 1 in Ice Magic
 19097 | Vaults:2 | Found Zuud's Jewellery Boutique.
 19207 | Vaults:2 | Reached skill level 5 in Invocations
 19209 | Vaults:2 | Reached XP level 19. HP: 146/146 MP: 35/35
 20022 | Vaults:3 | Found a magical portal.
 20027 | WizLab   | Entered Lehudib's Moon Base
 20302 | WizLab   | Reached skill level 10 in Conjurations
 20390 | WizLab   | Learned a level 2 spell: Shroud of Golubria
 20430 | WizLab   | Gained mutation: You are frail. (-10% HP) [a neqoxec]
 20430 | WizLab   | Gained mutation: You occasionally shout uncontrollably at your foes. [a neqoxec]
 20443 | WizLab   | Reached skill level 13 in Spellcasting
 20450 | WizLab   | Learned a level 4 spell: Passage of Golubria
 20496 | WizLab   | Found a transporter.
 20939 | WizLab   | Found a transporter.
 20952 | WizLab   | Identified the Grimoire of Stolen Souls and Snow
 20955 | WizLab   | Identified the Almanac of the Traveller and Toxins
 20959 | WizLab   | Learned a level 1 spell: Apportation
 21194 | Vaults:3 | Reached XP level 20. HP: 137/137 MP: 29/37
 21368 | Vaults:3 | Reached skill level 14 in Spellcasting
 21665 | Vaults:2 | Bought an uncursed amulet of regeneration for 570 gold pieces
 21896 | Vaults:2 | Found a staircase to the Crypt.
 21918 | Crypt:1  | Entered Level 1 of the Crypt
 22077 | Crypt:1  | Reached skill level 15 in Spellcasting
 22115 | Crypt:1  | Learned a level 6 spell: Deflect Missiles
 22251 | Crypt:3  | Entered Level 3 of the Crypt
 22269 | Crypt:3  | Noticed Xtahua
 22278 | Crypt:3  | Paralysed by Xtahua for 6 turns
 22284 | Crypt:3  | Killed Xtahua
 22617 | Crypt:3  | Found a staircase to the Tomb.
 22634 | Tomb:1   | Entered Level 1 of the Tomb of the Ancients
 22716 | Crypt:3  | Reached skill level 10 in Air Magic
 22790 | Crypt:3  | Reached XP level 21. HP: 143/143 MP: 13/40
 22852 | Crypt:3  | Cast into level 3 of the Abyss (a lich)
 23018 | Abyss:3  | Gained mutation: Scrolls take you a little longer to read. [a neqoxec]
 23042 | Abyss:3  | Found a corrupted altar of Lugonu.
 23134 | Abyss:3  | Got an abyssal rune of Zot
 23138 | Crypt:3  | Escaped the Abyss
 23139 | Crypt:3  | Noticed a curse toe
 23139 | Crypt:3  | Found a basalt altar of Yredelemnul.
 23141 | Crypt:3  | Found an ancient bone altar of Kikubaaqudgha.
 23141 | Crypt:3  | Noticed a bone dragon
 23283 | Crypt:3  | Killed a curse toe
 23291 | Crypt:3  | Reached skill level 15 in Air Magic
 23305 | Crypt:3  | Killed a bone dragon
 23498 | Crypt:3  | Got a smoking marble ring
 23501 | Crypt:3  | Identified the ring "Zosiguqa" {*Corrode rPois Slay+4 Stlth-} (You found it on level 3 of the Crypt)
 23501 | Crypt:3  | Identified the Incunabulum of Boosts
 23507 | Crypt:3  | Learned a level 3 spell: Regeneration
 23512 | Crypt:3  | Got a smoking scale mail
 23523 | Crypt:3  | Identified the +3 scale mail of Nihilism {rC+} (You found it on level 3 of the Crypt)
 23739 | Vaults:3 | Paralysed by a hornet for 3 turns
 24129 | Vaults:4 | Lost mutation: You are frail. (-10% HP) [potion of mutation]
 24129 | Vaults:4 | Lost mutation: You occasionally shout uncontrollably at your foes. [potion of mutation]
 24129 | Vaults:4 | Lost mutation: Your body sometimes deteriorates upon taking damage. [potion of mutation]
 24129 | Vaults:4 | Gained mutation: You have a somewhat thin skeletal structure. (Dex +2, Stealth) [potion of mutation]
 24129 | Vaults:4 | Gained mutation: Your muscles are strong. (Str +2) [potion of mutation]
 24130 | Vaults:4 | Lost mutation: Scrolls take you a little longer to read. [potion of mutation]
 24130 | Vaults:4 | Lost mutation: Your flesh is heat resistant. (rF+) [potion of mutation]
 24130 | Vaults:4 | Lost mutation: Your muscles are strong. (Str +2) [potion of mutation]
 24130 | Vaults:4 | Lost mutation: You have a somewhat thin skeletal structure. (Dex +2, Stealth) [potion of mutation]
 24130 | Vaults:4 | Gained mutation: You are partially covered in rugged brown scales. (AC +1, +3% HP) [potion of mutation]
 24130 | Vaults:4 | Gained mutation: Your spells are a little harder to cast, but a little more powerful. [potion of mutation]
 24130 | Vaults:4 | Gained mutation: Your mind is acute. (Int +2) [potion of mutation]
 24201 | Vaults:5 | Entered Level 5 of the Vaults
 24208 | Vaults:5 | Reached XP level 22. HP: 169/169 MP: 39/41
 24347 | Vaults:5 | Noticed a golden dragon
 24353 | Vaults:5 | Killed a golden dragon
 24529 | Vaults:5 | Reached skill level 16 in Spellcasting
 24535 | Vaults:5 | Paralysed by a sphinx for 7 turns
 24652 | Vaults:5 | Noticed a golden dragon
 24684 | Vaults:5 | Killed a golden dragon
 24701 | Vaults:5 | Reached skill level 17 in Spellcasting
 24747 | Vaults:5 | Reached XP level 23. HP: 158/176 MP: 21/44
 24764 | Vaults:5 | Reached skill level 18 in Spellcasting
 25056 | Vaults:5 | Learned a level 9 spell: Tornado
 25057 | Vaults:5 | Found the +0 Maxwell's etheric cage {RegenMP+ *Contam rElec MP+4}
 25102 | Vaults:5 | Identified the Grimoire of Snow and Weightlessness
 25292 | Vaults:5 | Got a silver rune of Zot
 25991 | Slime:1  | Entered Level 1 of the Pits of Slime
 26035 | Slime:2  | Gained mutation: Your magical capacity is low. (-10% MP) [a shining eye]
 26036 | Slime:2  | Gained mutation: You tend to lose your temper in combat. [a shining eye]
 26037 | Slime:2  | Gained mutation: Your magical capacity is very low. (-20% MP) [a shining eye]
 26236 | Slime:5  | Entered Level 5 of the Pits of Slime
 26393 | Slime:5  | Found a viscous altar of Jiyva.
 26394 | Slime:5  | Noticed the Royal Jelly
 26449 | Slime:5  | Killed the Royal Jelly
 26449 | Slime:5  | Reached XP level 24. HP: 81/183 MP: 14/36
 26671 | Slime:5  | Got a twitching ivory ring
 26673 | Slime:5  | Identified the ring "Pukusoq" {rElec rPois rN+ Str-2 Dex+4} (You found it on level 5 of the Pits of Slime)
 26715 | Slime:5  | Got a coiled jade ring
 26717 | Slime:5  | Identified the ring of Okkuvus {+Fly rN+} (You found it on level 5 of the Pits of Slime)
 26808 | Slime:5  | Got a slimy rune of Zot
 27065 | Lair:1   | Lost mutation: Your mind is acute. (Int +2) [potion of mutation]
 27065 | Lair:1   | Lost mutation: You tend to lose your temper in combat. [potion of mutation]
 27065 | Lair:1   | Gained mutation: You are partially covered in molten scales. (AC +2) [potion of mutation]
 27065 | Lair:1   | Gained mutation: You possess an exceptional clarity of mind. [potion of mutation]
 27141 | D:13     | You fall through a shaft for 2 floors!
 27141 | D:15     | Entered Level 15 of the Dungeon
 27166 | D:15     | Noticed motoroller71's ghost (journeyman GnGl)
 27192 | D:15     | Killed motoroller71's ghost
 27277 | D:15     | Reached skill level 10 in Transmutations
 27392 | D:15     | Found a staircase to the Depths.
 27398 | Depths:1 | Entered Level 1 of the Depths
 27557 | Depths:1 | Found a gateway to Hell.
 27599 | Hell     | Entered the Vestibule of Hell
 27599 | Hell     | Noticed Geryon
 27603 | Hell     | Reached skill level 19 in Spellcasting
 27606 | Hell     | Killed Geryon
 27746 | D:14     | Noticed Anaz's ghost (novice HuSk)
 27759 | D:14     | Killed Anaz's ghost
 27764 | D:14     | Noticed Jorund's ghost (adept OpWz)
 27769 | D:14     | Killed Jorund's ghost
 27902 | D:10     | You paid a toll of the horn of Geryon to enter a treasure trove
 27903 | Trove    | Entered a treasure trove
 27907 | Trove    | Found the +2 pair of boots of the Assassin {Detection Stab+ Stlth++}
 27959 | Trove    | Got a jewelled helmet
 27965 | Trove    | Identified the cursed +0 helmet "Kiagac" {MR- Regen+ Int+9} (You found it in a treasure trove)
 27970 | Trove    | Got a pair of crude gloves
 27981 | Trove    | Identified the +2 pair of gloves "Nautzo" {rC+} (You found it in a treasure trove)
 28002 | Trove    | Identified the +6 crystal plate armour of Ennui {+Inv rF+ MR- Int+2} (You found it in a treasure trove)
 28273 | Depths:1 | Reached skill level 20 in Spellcasting
 28284 | Depths:1 | Noticed a caustic shrike
 28292 | Depths:1 | Killed a caustic shrike
 28297 | Depths:1 | Reached XP level 25. HP: 188/188 MP: 8/37
 28556 | Depths:2 | Reached skill level 21 in Spellcasting
 28831 | Depths:4 | Found Atefujy's Food Shop.
 28846 | Depths:4 | Found Deotoh's Assorted Antiques.
 28848 | Depths:4 | Found Ymuhuy's Antique Armour Shoppe.
 28850 | Depths:4 | Bought an iron wand for 204 gold pieces
 28861 | Depths:4 | Found a one-way gate leading to the halls of Pandemonium.
 28877 | Depths:4 | Reached skill level 1 in Necromancy
 28894 | Depths:4 | Found a one-way gate to the infinite horrors of the Abyss.
 28957 | Depths:4 | Found a flickering gateway to a bazaar.
 28970 | Depths:4 | Paralysed by a sphinx for 3 turns
 28975 | Depths:4 | Reached skill level 5 in Necromancy
 28997 | Depths:4 | Noticed a juggernaut
 29000 | Bazaar   | Entered a bazaar
 29013 | Bazaar   | Found Pafruff's Weapon Shoppe.
 29014 | Bazaar   | Found Aququ's Book Shoppe.
 29049 | Bazaar   | Found Gede's Antique Weapon Emporium.
 29050 | Bazaar   | Found Juigipux's Food Emporium.
 29085 | Depths:4 | Killed a juggernaut
 29109 | Depths:4 | Found Himeav's Assorted Antiques.
 29115 | Depths:4 | Bought a potion of haste for 230 gold pieces
 29115 | Depths:4 | Bought a potion of curing for 69 gold pieces
 29196 | Depths:3 | Found a gateway to a ziggurat.
 29275 | Zig:1    | Entered Level 1 of a ziggurat
 29299 | Zig:1    | Learned a level 8 spell: Necromutation
 29306 | Zig:2    | Entered Level 2 of a ziggurat
 29306 | Zig:2    | Found the +7 sceptre of Torment
 29335 | Zig:3    | Entered Level 3 of a ziggurat
 29390 | Zig:4    | Entered Level 4 of a ziggurat
 29432 | Zig:5    | Entered Level 5 of a ziggurat
 29477 | Zig:6    | Entered Level 6 of a ziggurat
 29494 | Zig:6    | Reached XP level 26. HP: 179/195 MP: 0/38
 29587 | Zig:7    | Entered Level 7 of a ziggurat
 29600 | Zig:7    | Reached skill level 5 in Evocations
 29615 | Zig:7    | Got a wavering pewter ring
 29617 | Zig:7    | Identified the ring of Due Proportion {+Fly Int+7 Dex-4} (You found it on level 7 of a ziggurat)
 29627 | Zig:8    | Entered Level 8 of a ziggurat
 29641 | Zig:8    | Gained mutation: Armour fits poorly on your strangely shaped body. [mutagenic glow]
 29740 | Zig:9    | Entered Level 9 of a ziggurat
 29798 | Zig:9    | Gained mutation: You are dopey. (Int -2) [mutagenic glow]
 29802 | Zig:9    | Reached skill level 10 in Necromancy
 29933 | Zig:9    | Reached XP level 27. HP: 202/202 MP: 38/38
 29959 | Zig:9    | Got a heavily runed helmet
 29970 | Zig:9    | Identified the +0 helmet "Yhescheix" {-Tele rCorr Int+3 Dex+10} (You acquired it on level 9 of a ziggurat)
 29985 | Zig:10   | Entered Level 10 of a ziggurat
 29996 | Zig:10   | Found the +7 lajatang of Order {silver, rMut}
 30020 | Zig:10   | Got a coiled tin ring
 30021 | Zig:10   | Identified the ring "Duemam" {rN+ Int+4 SInv} (You found it on level 10 of a ziggurat)
 30036 | Zig:11   | Entered Level 11 of a ziggurat
 30048 | Zig:11   | Noticed Ocwar the pandemonium lord
 30049 | Zig:11   | Noticed Efelaqet the pandemonium lord
 30054 | Zig:11   | Killed Efelaqet the pandemonium lord
 30066 | Zig:11   | Killed Ocwar the pandemonium lord
 30100 | Zig:11   | Identified the Tome of Talismans and Fire
 30102 | Zig:11   | Identified the +3 battleaxe of Xeotus {freeze, *Corrode rC+ rN+ MP+9} (You found it on level 11 of a ziggurat)
 30107 | Zig:11   | Got a scintillating granite ring
 30109 | Zig:11   | Identified the ring of Reliym {*Corrode Int+2 Slay+3 SInv} (You found it on level 11 of a ziggurat)
 30127 | Zig:12   | Entered Level 12 of a ziggurat
 30136 | Zig:12   | Noticed a greater mummy
 30147 | Zig:12   | Found the ring of Robustness {AC+8}
 30154 | Zig:12   | Killed a greater mummy
 30189 | Zig:12   | Identified the cursed +1 chain mail of Eshrav {rF+ rN+++ Stlth-} (You found it on level 12 of a ziggurat)
 30199 | Zig:12   | Got a warped chain mail
 30210 | Zig:12   | Identified the +6 chain mail of Grace {*Drain rC+ MR++ Str+4} (You found it on level 12 of a ziggurat)
 30374 | Zig:13   | Entered Level 13 of a ziggurat
 30389 | Zig:13   | Reached skill level 15 in Transmutations
 30391 | Zig:13   | Found the +3 hat of Pondering {ponderous, MR+ MP+10 Int+5}
 30471 | Zig:14   | Entered Level 14 of a ziggurat
 30519 | Zig:14   | Reached skill level 5 in Stealth
 30524 | Zig:14   | Found the brooch of Shielding {Reflect SH+8}
 30526 | Zig:15   | Entered Level 15 of a ziggurat
 30696 | Zig:15   | Reached skill level 10 in Stealth
 30713 | Zig:15   | Learned a level 1 spell: Summon Butterflies
 30767 | Zig:16   | Entered Level 16 of a ziggurat
 30799 | Zig:16   | Noticed Gothra the pandemonium lord
 30799 | Zig:16   | Noticed Lammeqo the pandemonium lord
 30801 | Zig:16   | Noticed Gidilewe the pandemonium lord
 30862 | Depths:4 | Paralysed by a lich for 6 turns
 30864 | Depths:4 | Noticed a juggernaut
 30872 | Depths:4 | Killed a juggernaut
 31179 | Hell     | Found a gateway to the freezing wastes of Cocytus.
 31227 | Coc:1    | Entered Level 1 of Cocytus
 31406 | Coc:6    | Reached skill level 10 in Evocations
 31437 | Coc:7    | Entered Level 7 of Cocytus
 31547 | Coc:7    | Noticed the Serpent of Hell
 31708 | Coc:7    | Killed the Serpent of Hell
 31708 | Coc:7    | Reached skill level 22 in Spellcasting
 32056 | Coc:7    | Reached skill level 23 in Spellcasting
 32092 | Coc:7    | Learned a level 8 spell: Infestation
 32178 | Coc:7    | Noticed Antaeus
 32316 | Coc:7    | Killed Antaeus
 32329 | Coc:7    | Got an icy rune of Zot
 32336 | Coc:7    | Identified the Incunabulum of Poisonous Ignition
 32523 | Hell     | Found a gateway to the Iron City of Dis.
 32603 | Hell     | Found a gateway to the decaying netherworld of Tartarus.
 32631 | Tar:1    | Entered Level 1 of Tartarus
 32643 | Tar:1    | Reached skill level 15 in Necromancy
 32797 | Tar:2    | You fall through a shaft!
 32966 | Tar:7    | Entered Level 7 of Tartarus
 33159 | Tar:7    | Cast into level 3 of the Abyss (reaper)
 33220 | Tar:7    | Escaped the Abyss
 33250 | Tar:7    | Noticed an ancient lich
 33255 | Tar:7    | Killed an ancient lich
 33312 | Tar:7    | Noticed Ereshkigal
 33343 | Tar:7    | Noticed an ancient lich
 33435 | Tar:7    | Killed an ancient lich
 33497 | Tar:7    | Killed Ereshkigal
 33526 | Tar:7    | Identified the Catalogue of Twisted Changing
 33591 | Tar:7    | Got a bone rune of Zot
 33666 | Hell     | Found a gateway to the ashen valley of Gehenna.
 33684 | Geh:1    | Entered Level 1 of Gehenna
 33927 | Geh:4    | Reached skill level 15 in Fighting
 34113 | Geh:7    | Entered Level 7 of Gehenna
 34567 | Geh:7    | Got a heavily runed granite ring
 34575 | Geh:7    | Identified the ring "Voxzin" {rC- rN++ Slay+6 Stlth-} (You took it off a balrug on level 7 of Gehenna)
 34616 | Geh:7    | Noticed Asmodeus
 34633 | Geh:7    | Got an obsidian rune of Zot
 34988 | Dis:1    | Entered Level 1 of the Iron City of Dis
 35305 | Dis:1    | Reached skill level 10 in Invocations
 35994 | Dis:7    | Entered Level 7 of the Iron City of Dis
 36157 | Pan      | Entered Pandemonium
 36193 | Pan      | Entered the realm of Cerebov.
 36546 | Pan      | Got a wavering platinum amulet
 36572 | Pan      | Identified the amulet "Tixton" {Gourm +Fly rF- MP+9 Str+8} (You found it in Pandemonium)
 36840 | Pan      | Noticed Cerebov
 37060 | Pan      | Got a fiery rune of Zot
 37077 | Pan      | Found an exit through the horrors of the Abyss.
 37182 | Pan      | Entered the realm of Mnoleg.
 37232 | Pan      | Noticed Mnoleg
 37298 | Pan      | Killed Mnoleg
 37415 | Pan      | Got a glowing rune of Zot
 37688 | Pan      | Noticed Guopluh the pandemonium lord
 37729 | Pan      | Killed Guopluh the pandemonium lord
 37732 | Pan      | Reached skill level 24 in Spellcasting
 37793 | Pan      | Got a demonic rune of Zot
 37827 | Pan      | Noticed Cerebov
 38082 | Pan      | Found an exit through the horrors of the Abyss.
 38180 | Pan      | Noticed Lyaggeg the pandemonium lord
 38205 | Pan      | Killed from afar by Cerebov

Skill      XL: |  1  2  3  4  5  6  7  8  9 10 11 12 13 14 15 16 17 18 19 20 21 22 23 24 25 26 27 |
---------------+----------------------------------------------------------------------------------+-----
Spellcasting   | 3 4 5 6 9 11 12 13 15 17 18 20 21 24 | 24.0
Earth Magic    | 4 6 7 8 9 11 13 | 13.0
Fighting       | 3 8 10 12 20 | 20.0
Dodging        | 3 5 8 11 | 11.8
Polearms       | 4 8 |  8.0
Armour         | 5 |  5.4
Transmutations | 3 7 11 12 15 | 15.3
Invocations    | 4 5 8 13 | 13.6
Evocations     | 4 7 13 | 13.1
Fire Magic     | 3 |  3.9
Conjurations   | 2 4 6 10 | 10.4
Air Magic      | 3 8 11 16 18 20 21 | 21.0
Poison Magic   | 3 |  3.4
Axes           | 6 11 15 18 19 | 19.5
Translocations | 5 |  5.5
Shields        | 1 |  1.6
Ice Magic      | 4 |  4.2
Stealth        | 3 13 | 13.8
Necromancy     | 9 11 18 | 18.3

Action                   |  1- 3 |  4- 6 |  7- 9 | 10-12 | 13-15 | 16-18 | 19-21 | 22-24 | 25-27 || total
-------------------------+-------+-------+-------+-------+-------+-------+-------+-------+-------++-------
Melee: Short sword       |    16 |     7 |       |       |       |       |       |       |       ||    23
       Falchion          |       |     1 |       |       |       |       |       |       |       ||     1
       Spear             |       |       |    76 |   615 |       |       |       |       |       ||   691
       Unarmed           |       |       |       |     5 |       |       |       |       |       ||     5
       War axe           |       |       |       |    41 |    50 |   149 |       |       |       ||   240
       Executioner's axe |       |       |       |    29 |   536 |   627 |   828 |   774 |  1969 ||  4763
       Lance             |       |       |       |       |   114 |       |       |     8 |    21 ||   143
       Staff             |       |       |       |       |       |     2 |       |       |       ||     2
Throw: Javelin           |       |       |       |       |     5 |       |       |       |       ||     5
 Cast: Sandblast         |    46 |    45 |    72 |    61 |    97 |    58 |       |       |       ||   379
       Stone Arrow       |       |     3 |    40 |    57 |    61 |    33 |    35 |    17 |    35 ||   281
       Lee's Rapid Decon |       |       |     5 |    28 |    29 |    15 |    30 |    22 |    14 ||   143
       Conjure Flame     |       |       |       |     3 |     1 |       |       |       |       ||     4
       Mephitic Cloud    |       |       |       |     3 |     8 |       |       |       |       ||    11
       Petrify           |       |       |       |     2 |     2 |       |       |       |       ||     4
       Blink             |       |       |       |       |     2 |       |     1 |       |       ||     3
       Statue Form       |       |       |       |       |     9 |    40 |    41 |    32 |    60 ||   182
       Summon Lightning  |       |       |       |       |       |     8 |     1 |     7 |     9 ||    25
       Irradiate         |       |       |       |       |       |     3 |     2 |     2 |    62 ||    69
       Freezing Cloud    |       |       |       |       |       |       |     5 |     6 |    12 ||    23
       Shroud of Golubri |       |       |       |       |       |       |     3 |     4 |     6 ||    13
       Deflect Missiles  |       |       |       |       |       |       |     4 |     4 |    14 ||    22
       Regeneration      |       |       |       |       |       |       |     1 |     7 |    34 ||    42
       Apportation       |       |       |       |       |       |       |     1 |       |     6 ||     7
       Passage of Golubr |       |       |       |       |       |       |       |     2 |    39 ||    41
       Tornado           |       |       |       |       |       |       |       |    11 |    58 ||    69
       Necromutation     |       |       |       |       |       |       |       |       |    37 ||    37
       Infestation       |       |       |       |       |       |       |       |       |    75 ||    75
       Summon Butterflie |       |       |       |       |       |       |       |       |     2 ||     2
Invok: Lesser Servant of |       |       |       |     4 |    16 |     5 |       |     4 |       ||    29
       Greater Servant o |       |       |       |       |     1 |       |     5 |     2 |     4 ||    12
 Abil: Hop               |       |     1 |     6 |     9 |    18 |    11 |     6 |     3 |    19 ||    73
       End Transformatio |       |       |       |       |       |       |     3 |     3 |    23 ||    29
Evoke: Wand              |       |     1 |     3 |     6 |    20 |       |       |     3 |     8 ||    41
       Phial of floods   |       |       |       |       |     4 |     2 |     1 |       |     2 ||     9
       Sack of spiders   |       |       |       |       |     1 |       |     1 |       |       ||     2
       Lightning rod     |       |       |       |       |     4 |       |       |       |       ||     4
       Lamp of fire      |       |       |       |       |       |       |       |     3 |     4 ||     7
       Staff of energy   |       |       |       |       |       |       |       |       |   397 ||   397
       Box of beasts     |       |       |       |       |       |       |       |       |     1 ||     1
  Use: Scroll            |     1 |     1 |     9 |    14 |    15 |    10 |    12 |     7 |    34 ||   103
       Potion            |       |     2 |     1 |     1 |     8 |     3 |     8 |     6 |    12 ||    41
 Stab: Sleeping          |     2 |       |       |       |       |       |     1 |     3 |    24 ||    30
       Paralysed         |       |       |       |     3 |       |       |       |       |       ||     3
       Petrified         |       |       |       |    13 |     6 |       |       |       |       ||    19
       Distracted        |       |       |       |     2 |     2 |     7 |       |     7 |    20 ||    38
       Confused          |       |       |       |       |     5 |       |       |       |       ||     5
  Eat: Chunk             |       |     1 |     6 |    28 |    26 |    14 |    19 |    10 |    28 ||   132
       Ration            |       |       |     4 |     1 |     4 |     6 |     5 |     5 |    18 ||    43
Armor: Robe              |     7 |       |       |       |       |       |       |       |       ||     7
       Ring mail         |       |       |    35 |   261 |   217 |    45 |    30 |       |       ||   588
       Leather armour    |       |       |       |       |    12 |       |       |       |       ||    12
       Skin              |       |       |       |       |   196 |   695 |   654 |   561 |  1473 ||  3579
       Troll leather arm |       |       |       |       |       |       |    25 |   111 |   658 ||   794
Dodge: Dodged            |    19 |    16 |    67 |   337 |   672 |  1168 |  1244 |  1209 |  3365 ||  8097
       Deflected         |       |       |       |       |       |       |    31 |    87 |   167 ||   285
Block: Other             |       |       |     7 |    37 |    75 |    52 |       |       |       ||   171
       Reflection        |       |       |     1 |     2 |     2 |     4 |       |       |       ||     9
       Buckler           |       |       |       |       |       |    18 |       |       |       ||    18
       Rpst.: Falchion   |       |       |     2 |       |       |       |       |       |       ||     2
